 Dungeon Crawl Stone Soup version 0.32-a0-520-g344ed53f66 (webtiles) character file.

Game seed: 10356732463898319812

554 lunkers the Cleaver (level 7, -1/57 HPs)
             Began as a Mountain Dwarf Fighter on Feb 27, 2024.
             Was a Follower of Wu Jian.
             Slain by a water moccasin (6 damage)
             ... on level 4 of the Dungeon.
             The game lasted 00:04:05 (3194 turns).

lunkers the Cleaver (Mountain Dwarf Fighter)        Turns: 3194, Time: 00:04:06

Health: -1/57      AC:  8    Str: 26    XL:     7   Next: 8%
Magic:  7/7        EV:  9    Int:  9    God:    Wu Jian [*.....]
Gold:   220        SH:  9    Dex:  9    Spells: 6/6 levels left

rFire   . . .        a - +0 war axe
rCold   . . .        c - +0 buckler
rNeg    . . .        b - +0 scale mail
rPois   .            (no helmet)
rElec   .            (no cloak)
rCorr   .            (no gloves)
SInv    +            j - +0 pair of boots
Will    .....        g - amulet of reflection Stlth
                     m - ring of see invisible
HPRegen 0.29/turn    y - +6 ring of strength
MPRegen 0.10/turn

%: reflection
@: no status effects
A: runic magic, artefact enchanting
a: Renounce Religion


You were on level 4 of the Dungeon.
You worshipped Wu Jian.
Wu Jian was aware of your devotion.
You visited 1 branch of the dungeon, and saw 4 of its levels.

You collected 220 gold pieces.

Inventory:

Hand Weapons
 a - a +0 war axe (weapon)
 p - a +0 mace of draining
Missiles
 q - a throwing net
Armour
 b - a +0 scale mail (worn)
 c - a +0 buckler (worn)
 j - a +0 pair of boots (worn)
Jewellery
 g - an amulet of reflection (around neck)
 m - a ring of see invisible (left hand)
 y - a +6 ring of strength (right hand)
Wands
 B - a wand of warping (7)
 D - a wand of flame (3)
Scrolls
 h - a scroll of silence {unknown}
 k - a scroll of vulnerability {unknown}
 l - a scroll of enchant weapon {unknown}
 n - a scroll of teleportation {unknown}
 o - 3 scrolls of enchant armour {unknown}
 r - 3 scrolls of identify {unknown}
 s - a scroll of summoning {unknown}
 v - a scroll of immolation {unknown}
 w - 2 scrolls of fear {unknown}
 x - a scroll of revelation {unknown}
 C - a scroll of fog {unknown}
Potions
 d - 2 potions of might
 e - 3 potions of curing
 f - a potion of enlightenment {unknown}
 i - a potion of haste {unknown}
 t - a potion of invisibility {unknown}
 u - 2 potions of heal wounds {unknown}
 z - a potion of mutation {unknown}
 A - a potion of lignification {unknown}
 E - a potion of magic {unknown}
 F - a potion of ambrosia {unknown}


   Skills:
 - Level 3.2 Fighting
 + Level 9.4 Axes
 - Level 3.2 Armour
 - Level 3.2 Shields


You had 6 spell levels left.
You didn't know any spells.
Your spell library contained the following spells:

 Spells                   Type           Power      Damage    Failure   Level
 Ensorcelled Hibernation  Hex/Ice        0%         N/A       65%         2
 Frozen Ramparts          Ice            0%         1d1       87%         3
 Ozocubu's Armour         Ice            0%         N/A       87%         3
 Passwall                 Erth           0%         N/A       87%         3
 Swiftness                Air            0%         N/A       87%         3
 Leda's Liquefaction      Alch/Erth      0%         N/A       99%         4
 Petrify                  Alch/Erth      0%         N/A       99%         4
 Metabolic Englaciation   Hex/Ice        0%         N/A       100%        5
 Sculpt Simulacrum        Ice/Alch       0%         N/A       100%        6


Dungeon Overview and Level Annotations

Branches:
Dungeon (4/15)
 Temple: D:4-7

Altars:
Wu Jian

Shops:
D:1 ?   D:3 [


Innate Abilities, Weirdness & Mutations

Your spellcasting is much less encumbered by armour.
You can use scrolls of enchantment on lesser artefacts.


Message History

* * * LOW HITPOINT WARNING * * *
Unknown command.
It was a potion of curing.
You feel better. The water moccasin bites you!
* * * LOW HITPOINT WARNING * * *
You block the water moccasin's attack.
Unknown command.
You closely miss the water moccasin.
The water moccasin is severely wounded.
The water moccasin barely misses you.
Unknown command.
You barely miss the water moccasin.
The water moccasin is severely wounded.
The water moccasin bites you.
* * * LOW HITPOINT WARNING * * *
You are lethally poisoned!
The water moccasin poisons you!
The water moccasin bites you but does no damage.
You closely miss the water moccasin.
The water moccasin is severely wounded.
* * * LOW HITPOINT WARNING * * *
You feel very sick. The water moccasin bites you.
* * * LOW HITPOINT WARNING * * *
You are more poisoned.
The water moccasin poisons you!
You feel better. The water moccasin bites you.
* * * LOW HITPOINT WARNING * * *
Unknown command.
You closely miss the water moccasin.
The water moccasin is severely wounded.
You block the water moccasin's attack. x2
Unknown command.
You miss the water moccasin.
The water moccasin is severely wounded.
The water moccasin bites you but does no damage.
Unknown command.
You closely miss the water moccasin.
The water moccasin is severely wounded.
You block the water moccasin's attack. The water moccasin bites you.
You die...

......# #####.# ......#
####### # # ######### #
#.......# # #.#####.# #.. #
#.# #@# ###.##### ##
#######.# #.S.........#
.###.......# #........##.#
...........#####.#####..##.#
.###.#####.......# #..##.#
.....# #########
#..##.#####. ###### ##.##
#........... ##.#.##
#.###.###### #####
##.###.####<# #.......


You could see a water moccasin.

Vanquished Creatures
  Menkaure (D:4)
  2 ogres (D:4)
  2 bombardier beetles
  A hound (D:4)
  Jessica (D:3)
  4 gnolls (D:3)
  7 adders
  2 dart slugs
  3 ribbon worms
  An orc (D:4)
  6 endoplasms
  2 giant cockroaches (D:2)
  6 goblins
  A hobgoblin (D:1)
  5 jackals
  7 quokkas
  8 ball pythons
  7 bats
  A frilled lizard (D:3)
  3 kobolds
  5 rats
75 creatures vanquished.

Notes
Turn   | Place    | Note
-------+----------+-------------------------------------------
     0 | D:1      | lunkers the Mountain Dwarf Fighter began the quest for the
                  | Orb.
     0 | D:1      | Reached XP level 1. HP: 19/19 MP: 1/1
    55 | D:1      | Found Hiasusua's Magic Scroll Shop.
   152 | D:1      | Reached skill level 3 in Axes
   211 | D:1      | Reached XP level 2. HP: 24/26 MP: 2/2
   626 | D:2      | Reached skill level 4 in Axes
   666 | D:2      | Reached XP level 3. HP: 29/31 MP: 3/3
   755 | D:2      | You fall into a shaft and drop 1 floor!
   755 | D:3      | Found Ovvirauw's Antique Armour Shoppe.
   859 | D:3      | Reached skill level 5 in Axes
   870 | D:3      | Reached XP level 4. HP: 27/38 MP: 4/4
  1085 | D:2      | Identified the -1 pair of gloves "Qowym" {rF+}
  1837 | D:3      | Reached skill level 6 in Axes
  2112 | D:3      | Reached XP level 5. HP: 45/45 MP: 5/5
  2157 | D:3      | Reached skill level 7 in Axes
  2333 | D:3      | Noticed Jessica
  2337 | D:3      | Found a faded altar of an unknown god.
  2348 | D:3      | Killed Jessica
  2362 | D:3      | Prayed at the altar of an unknown god.
  2362 | D:3      | Became a worshipper of the Wu Jian Council
  2362 | D:3      | Reached * piety under Wu Jian
  2462 | D:4      | Noticed Menkaure
  2473 | D:4      | Killed Menkaure
  2474 | D:4      | Reached XP level 6. HP: 31/51 MP: 6/6
  2493 | D:4      | Reached skill level 8 in Axes
  2939 | D:4      | Reached skill level 9 in Axes
  2939 | D:4      | Reached XP level 7. HP: 35/57 MP: 7/7
  3190 | D:4      | HP: 2/57 [poisoned by a water moccasin]
  3194 | D:4      | Slain by a water moccasin

Illustrated notes

Levels and vault maps discovered:
D:1:      evilmike_arrival_crescent, layout_basic, serial_shops, shop
D:2:      kennysheep_six_static_rooms, layout_loops_ring, chequers_big_river,
          kennysheep_nondescript, hangedman_decor_clover_reticule, minivault_14
D:3:      layout_basic, chequers_ecumenical_altar_lobes, serial_shops,
          nicolae_shop_rolling_square, uniq_jessica
D:4:      layout_loops_ring, minmay_temple_entry_glassed_door, serial_bayou,
          serial_bayou_lagoon_a, serial_bayou_pond_a, serial_bayou_shore_b,
          serial_bayou_pond_e, uniq_menkaure

Skill      XL: |  1  2  3  4  5  6 |
---------------+-------------------+-----
Axes           | 3 4 5 6 7 9 |  9.4
Fighting       | |  3.2
Armour         | |  3.2
Shields        | |  3.2

Action                     |  1- 3 |  4- 6 |  7- 9 || total
---------------------------+-------+-------+-------++-------
  Melee: War axe           |   100 |   131 |    33 ||   264
Ability: Lunge             |       |     2 |     1 ||     3
    Use: Potion            |       |       |     2 ||     2
 Armour: Scale mail        |    94 |    41 |    23 ||   158
  Dodge: Dodged            |    52 |    39 |    10 ||   101
         Repelled          |       |     1 |       ||     1
  Block: Buckler           |    59 |    49 |    15 ||   123
         Reflection        |       |     1 |       ||     1

Table legend: (Time is in decaauts)
 A = Elapsed time spent in this place.
 B = Non-inter-level travel time spent in this place.
 C = Inter-level travel time spent in this place.
 D = Time resting spent in this place.
 E = Time spent auto-exploring this place.
 F = Levels seen in this place.
 G = Mean time per level.
                   A        B        C        D        E       F      G
               +--------+--------+--------+--------+--------+-----+--------+
         Total |   3281 |   3191 |     90 |      3 |   2554 |   4 |  820.2 |
       Dungeon |   3281 |   3191 |     90 |      3 |   2554 |   4 |  820.2 |
               +--------+--------+--------+--------+--------+-----+--------+

Top non-repeatable levels by time:
     D:2: 1128 daAuts
     D:3: 805 daAuts
     D:4: 753 daAuts
     D:1: 594 daAuts
